 Dungeon Crawl Stone Soup version 0.17.1-1-g73c8601 (webtiles) character file.

441 Goblin1989 the Grappler (level 7, -15/41 HPs)
             Began as a Gargoyle Monk on Jan 7, 2016.
             Killed from afar by Pikel (21 damage)
             ... with a wand of cold
             ... on level 3 of the Dungeon.
             The game lasted 00:09:05 (3123 turns).

Goblin1989 the Grappler (Gargoyle Monk)             Turns: 3123, Time: 00:09:08

Health: -15/41     AC: 10    Str: 14    XL:     7   Next: 2%
Magic:  7/7        EV: 11    Int: 13    God:
Gold:   172        SH:  0    Dex: 12    Spells: 0 memorised, 6 levels left

rFire  . . .     SeeInvis .       - Unarmed
rCold  . . .     Clarity  .     h - +0 ring mail
rNeg   + . .     SustAt   .     (no shield)
rPois  ∞         Gourm    .     n - +0 helmet
rElec  +         Spirit   .     (no cloak)
rCorr  .         Warding  .     (no gloves)
rMut   .         Stasis   .     (no boots)
MR     .....                    (no amulet)
Stlth  ..........               (no ring)
                                (no ring)

@: confused, not resistant to hostile enchantments, extremely unstealthy
A: negative energy resistance 1, electricity resistance, unbreathing,
petrification resistance, rot immunity, AC +4
a: no special abilities


You were on level 3 of the Dungeon.
You were hungry.

You visited 1 branch of the dungeon, and saw 4 of its levels.

You collected 172 gold pieces.

Inventory:

Armour
 h - a +0 ring mail (worn)
 n - a +0 helmet (worn)
Jewellery
 p - an uncursed ring of ice {unknown}
Scrolls
 c - 4 scrolls of identify {unknown}
 d - a scroll of teleportation {unknown}
 f - 2 scrolls of remove curse
 i - 2 scrolls of noise {unknown}
 j - a scroll of random uselessness {unknown}
 o - a scroll of blinking {unknown}
 q - a scroll of enchant armour {unknown}
 r - 2 scrolls of amnesia {unknown}
Potions
 e - 3 potions of curing
 m - a potion of agility {unknown}
 s - a potion of haste {unknown}
Comestibles
 a - a meat ration
 b - 3 bread rations
 k - a slice of pizza


   Skills:
 - Level 3.2 Fighting
 - Level 2.4 Dodging
 - Level 2.1 Stealth
 * Level 8.1 Unarmed Combat


You had 6 spell levels left.
You didn't know any spells.

Dungeon Overview and Level Annotations

Branches:
Dungeon (4/15)
 Temple: D:4-7

Altars:
Okawaru
Qazlal
Trog

Annotations:
D:3 Pikel


Innate Abilities, Weirdness & Mutations

You are resistant to torment.
Your stone body is resilient (AC +4).
You are immune to poison.
You resist negative energy.
You are resistant to electric shocks.
You can survive without breathing.
You are immune to petrification.
You are immune to rotting.


Message History

There is a stone staircase leading down here.
You hit Pikel but do no damage. You punch Pikel, but do no damage.
Pikel zaps a wand.
The bolt of cold misses you.
You punch Pikel!
Pikel is lightly wounded.
Pikel zaps a wand.
The bolt of cold hits you!
* * * LOW HITPOINT WARNING * * *
Read which item? (? for menu, Esc to quit)
As you read the scroll labeled QIGAINLEHI, it crumbles to dust.
You feel blessed for a moment.
It was a scroll of remove curse.
Pikel hits you but does no damage.
Pikel zaps a wand.
The bolt of cold misses you.
Drink which item? (? for menu, Esc to quit)
It was a potion of ambrosia.
You are confused.
You feel invigorated.
Pikel says, "You'll fetch a fair price!"
Pikel zaps a wand.
The bolt of cold hits you!
Ouch! That really hurt!
You die...

.........#............#
.........#.....)......#
.........#............#
......................#
.........#...[.[......#
.......###...†>.......#
##..........<#.)......#
#...........#K#########
#.#........#...@......#
##.....................#
...................#...#
###...............#_#.##
#................#..#
#...................#
#....##...##.....####
###..#.....#....####
#....._..........#


You could see Pikel.

Vanquished Creatures
  An ogre (D:4)
  The ghost of Bubs the Ruffian, an amateur DrTm of Sif Muna (D:3)
  2 orc priests (D:4)
  Ijyb (D:2)
  Natasha (thrice) (D:3)
  3 adders
  3 worms (D:2)
  2 giant geckos (D:1)
  7 orcs
  A ball python (D:4)
  7 bats
  3 giant cockroaches
  8 goblins
  8 hobgoblins
  5 jackals
  8 kobolds
  3 quokkas
  3 giant newts (D:1)
  39 rats
108 creatures vanquished.

Notes
Turn   | Place    | Note
--------------------------------------------------------------
     0 | D:1      | Goblin1989 the Gargoyle Monk began the quest for the Orb.
     0 | D:1      | Reached XP level 1. HP: 14/14 MP: 1/1
   171 | D:1      | Reached XP level 2. HP: 19/19 MP: 2/2
   708 | D:2      | Reached XP level 3. HP: 23/23 MP: 3/3
   716 | D:2      | Reached skill level 5 in Unarmed Combat
   999 | D:2      | Noticed Ijyb
  1044 | D:2      | Killed Ijyb
  1044 | D:2      | Reached XP level 4. HP: 19/28 MP: 4/4
  1399 | D:2      | Reached skill level 6 in Unarmed Combat
  1472 | D:2      | Reached XP level 5. HP: 28/32 MP: 5/5
  1710 | D:3      | Found a stormy altar of Qazlal.
  1723 | D:3      | Found a bloodstained altar of Trog.
  1733 | D:3      | Found an iron altar of Okawaru.
  1765 | D:3      | Found a faded altar to an unknown god.
  1951 | D:3      | Noticed Bubs's ghost (amateur DrTm)
  1965 | D:4      | Noticed Pikel
  1965 | D:4      | Noticed a slave
  1965 | D:4      | Noticed a slave
  1965 | D:4      | Noticed a slave
  1965 | D:4      | Noticed a slave
  1965 | D:4      | Noticed an ogre
  2075 | D:3      | Killed Bubs's ghost
  2075 | D:3      | Reached skill level 7 in Unarmed Combat
  2175 | D:3      | Noticed Natasha
  2184 | D:3      | Killed Natasha
  2184 | D:3      | Reached XP level 6. HP: 33/37 MP: 6/6
  2298 | D:3      | Noticed Natasha
  2309 | D:3      | Killed Natasha
  2314 | D:3      | Noticed Natasha
  2325 | D:3      | Killed Natasha
  2935 | D:4      | Killed an ogre
  2935 | D:4      | Reached skill level 8 in Unarmed Combat
  2944 | D:4      | Reached XP level 7. HP: 36/41 MP: 7/7
  3123 | D:3      | Killed from afar by Pikel

Action                   |  1- 3 |  4- 6 |  7- 9 || total
-------------------------+-------+-------+-------++-------
Melee: Unarmed           |   130 |   265 |     5 ||   400
  Use: Potion            |       |     1 |     1 ||     2
       Scroll            |       |       |     1 ||     1
 Stab: Sleeping          |     1 |       |       ||     1
  Eat: Chunk             |       |     7 |       ||     7
